 Dungeon Crawl Stone Soup version 0.18-a0-900-gbbf5c82 (webtiles) character file.

434 vatarom the Shield-Bearer (level 7, -2/52 HPs)
             Began as a Formicid Fighter on Dec 24, 2015.
             Succumbed to Edmund's poison
             ... on level 4 of the Dungeon.
             The game lasted 00:10:37 (3226 turns).

vatarom the Shield-Bearer (Formicid Fighter)        Turns: 3226, Time: 00:10:38

Health: -2/52      AC: 10    Str: 18    XL:     7   Next: 20%
Magic:  7/7        EV:  8    Int:  8    God:
Gold:   159        SH: 10    Dex: 11    Spells: 0 memorised, 6 levels left

rFire  . . .     SeeInvis +     a - +2 war axe
rCold  . . .     Gourm    .     b - +0 scale mail
rNeg   . . .     Faith    .     c - +0 shield
rPois  .         Spirit   .     (helmet unavailable)
rElec  .         Dismiss  .     k - +1 cloak
rCorr  .         Reflect  .     p - +0 pair of gloves (curse)
SustAt .         Harm     .     (no boots)
MR     .....                    (no amulet)
Stlth  ..........               o - -3 ring of strength (curse)
                                i - ring of invisibility

@: lethally poisoned (-2 -> -38), not resistant to hostile enchantments,
extremely unstealthy
A: permanent stasis, dig shafts and tunnels, four strong arms, antennae 3
a: Dig, Shaft Self, Evoke Invisibility


You were on level 4 of the Dungeon.
You were not hungry.

You visited 1 branch of the dungeon, and saw 4 of its levels.

You collected 159 gold pieces.

Inventory:

Hand Weapons
 a - a +2 war axe (weapon)
Armour
 b - a +0 scale mail (worn)
 c - a +0 shield (worn)
 k - a +1 cloak (worn)
 n - a cursed +0 buckler
 p - a cursed +0 pair of gloves (worn)
 q - a +0 plate armour
Jewellery
 i - a ring of invisibility (left hand)
 o - a cursed -3 ring of strength (right hand)
Scrolls
 d - a scroll of immolation
 e - a scroll of remove curse
 m - 3 scrolls of blinking
Comestibles
 f - a bread ration
 g - a royal jelly
 h - a slice of pizza
 j - 2 beef jerkies
 l - 2 fruits


   Skills:
 - Level 3.2 Fighting
 - Level 5.0 Axes
 - Level 3.2 Armour
 * Level 7.2 Shields


You had 6 spell levels left.
You didn't know any spells.

Dungeon Overview and Level Annotations

Branches:
Dungeon (4/15)
 Temple: D:4-7

Altars:

Annotations:
D:4 Edmund


Innate Abilities, Weirdness & Mutations

You are under a permanent stasis effect.
You can dig through walls and to a lower floor.
Your four strong arms can wield two-handed weapons with a shield.
You have a pair of large antennae on your head (SInv).


Message History

* * * LOW HITPOINT WARNING * * *
You feel sick. Edmund hits you but does no damage.
You are more poisoned.
You hit Edmund.
Edmund is severely wounded.
* * * LOW HITPOINT WARNING * * *
You feel very sick. Edmund hits you with a flail of venom.
* * * LOW HITPOINT WARNING * * *
You are more poisoned.
Your scale mail prevents you from hitting Edmund.
Edmund is severely wounded.
* * * LOW HITPOINT WARNING * * *
You feel very sick. Edmund hits you but does no damage.
You are more poisoned.
Unknown command.
You hit Edmund but do no damage.
Edmund is severely wounded.
You die...

# .# ..# #.. .
#.# .
....####.##....
......@@.......
♣...####.#.#...
♣ ... ####


You could see Edmund.

Vanquished Creatures
  Sigmund (D:3)
  The ghost of George the Conjurer, an amateur OpCj (D:4)
  A hound (D:3)
  Crazy Yiuf (D:2)
  A gnoll (D:1)
  3 adders
  2 oozes
  2 worms (D:2)
  2 giant geckos
  4 orcs (D:3)
  5 giant cockroaches
  6 goblins
  6 hobgoblins
  5 kobolds
  A quokka (D:2)
  4 ball pythons
  7 bats
  3 giant newts
  A jackal skeleton (D:4)
  8 rats
64 creatures vanquished.

Notes
Turn   | Place    | Note
--------------------------------------------------------------
     0 | D:1      | vatarom the Formicid Fighter began the quest for the Orb.
     0 | D:1      | Reached XP level 1. HP: 18/18 MP: 1/1
   158 | D:1      | Reached XP level 2. HP: 24/24 MP: 2/2
   620 | D:1      | Reached XP level 3. HP: 9/29 MP: 3/3
  1150 | D:2      | Reached skill level 4 in Axes
  1150 | D:2      | Reached XP level 4. HP: 28/35 MP: 4/4
  1637 | D:2      | Noticed Crazy Yiuf
  1655 | D:2      | Killed Crazy Yiuf
  1655 | D:2      | Reached skill level 5 in Axes
  1655 | D:2      | Reached XP level 5. HP: 8/41 MP: 3/5
  2364 | D:3      | Noticed Sigmund
  2382 | D:3      | Killed Sigmund
  2382 | D:3      | Reached skill level 5 in Shields
  2382 | D:3      | Reached XP level 6. HP: 35/47 MP: 6/6
  2678 | D:3      | Reached skill level 6 in Shields
  3076 | D:4      | Noticed George's ghost (amateur OpCj)
  3211 | D:4      | Noticed Edmund
  3215 | D:4      | Killed George's ghost
  3215 | D:4      | Reached skill level 7 in Shields
  3215 | D:4      | Reached XP level 7. HP: 36/52 MP: 7/7
  3225 | D:4      | HP: 2/52 [poisoned by Edmund]
  3226 | D:4      | Succumbed to Edmund's poison

Vault maps used:
D:1:      dpeg_chamrin_arrival_tetris, serial_co_window_serial,
          co_window_paths_b, co_window_corner_a, co_window_paths_a,
          co_window_paths_a, co_window_of_opportunity_a,
          co_window_of_opportunity_a, co_window_paths_b, co_window_paths_c,
          co_window_2corner, co_window_unsneaky_path_b, co_window_corner_cb,
          co_window_of_opportunity_b
D:2:      uniq_crazy_yiuf_cottage
D:3:      first_bread, minmay_misc_feat_cross, solitary_fountain,
          lemuel_flame_loot_1, uniq_sigmund
D:4:      supply_closet_lemuel, kennysheep_boxes, uniq_robin, uniq_edmund,
          uniq_eustachio

Action                   |  1- 3 |  4- 6 |  7- 9 || total
-------------------------+-------+-------+-------++-------
Melee: War axe           |    98 |   127 |    10 ||   235
 Abil: Dig               |     2 |     2 |       ||     4
  Use: Scroll            |     3 |     4 |       ||     7
       Potion            |     4 |     2 |     1 ||     7
  Eat: Chunk             |     1 |       |       ||     1
       Bread ration      |       |     2 |       ||     2
